 Dungeon Crawl Stone Soup version 0.27.1-1-g398f81649c (webtiles) character file.

Game seed: 3645174572470673929

18389 cummra the Geomancer (level 12, -4/72 HPs)
             Began as a Gargoyle Earth Elementalist on Sept 18, 2021.
             Was a Follower of Vehumet.
             Constricted to death by Jorgrun (12 damage)
             ... on level 13 of the Dungeon on Sept 19, 2021.
             The game lasted 01:08:10 (17828 turns).

cummra the Geomancer (Gargoyle Earth Elementalist) Turns: 17828, Time: 01:08:11

Health: -4/72      AC: 17    Str: 13    XL:     12   Next: 58%
Magic:  5/23       EV: 10    Int: 20    God:    Vehumet [*.....]
Gold:   603        SH:  0    Dex: 10    Spells: 6/26 levels left

rFire    . . .     SeeInvis .   u - +2 whip (venom)
rCold    + . .     Faith    .   (no shield)
rNeg     + . .     Spirit   .   x - +2 robe {rC+}
rPois    ∞         Reflect  .   (no helmet)
rElec    +         Harm     .   n - +0 cloak
rCorr    +         Rampage  .   f - +1 pair of gloves
Will     .....                  (no boots)
Stlth    ++........             (no amulet)
HPRegen  0.22/turn              B - ring of resist corrosion
MPRegen  0.18/turn              e - ring of wizardry

@: grasped by roots, hasted, constricted, very quick
A: sickness immunity, AC +8, negative energy resistance 1, electricity
resistance, torment resistance 1, petrification resistance
a: Renounce Religion


You were on level 13 of the Dungeon.
You worshipped Vehumet.
Vehumet was aware of your devotion.
You visited 2 branches of the dungeon, and saw 14 of its levels.
You also visited: Ossuary.

You collected 603 gold pieces.

Inventory:

Hand Weapons
 u - a +2 whip of venom (weapon)
Missiles
 c - 74 stones
 k - 4 throwing nets
Armour
 f - a +1 pair of gloves (worn)
 n - a +0 cloak (worn)
 x - a +2 robe of cold resistance (worn)
Jewellery
 e - a ring of wizardry (right hand)
 B - a ring of resist corrosion (left hand)
Wands
 b - a wand of polymorph (15)
 E - a wand of charming (10)
Scrolls
 d - 4 scrolls of amnesia
 o - a scroll of enchant weapon
 t - 3 scrolls of enchant armour
 v - a scroll of magic mapping
 w - a scroll of noise
 y - 2 scrolls of fog
 F - a scroll of silence
Potions
 a - 2 potions of mutation
 i - 2 potions of haste
 l - 2 potions of cancellation
 m - 3 potions of magic
 p - 2 potions of brilliance
 r - a potion of lignification
 s - a potion of flight {unknown}


   Skills:
 + Level 7.5 Fighting
 + Level 6.9 Maces & Flails
 + Level 7.5 Armour
 + Level 6.2 Dodging
 - Level 2.1 Stealth
 + Level 7.6 Spellcasting
 + Level 8.3 Conjurations
 - Level 0.7 Transmutations
 + Level 5.8 Fire Magic
 + Level 10.3 Earth Magic


You had 6 spell levels left.
You knew the following spells:

 Your Spells              Type           Power      Damage    Failure   Level
a - Sandblast             Erth           96%        2d20      1%          1
b - Stone Arrow           Conj/Erth      90%        3d12      1%          3
c - Ignition              Fire           15%        3d6       100%        8
d - Lehudib's Crystal Sp  Conj/Erth      22%        10d6      99%         8

Your spell library contained the following spells:

 Spells                   Type           Power      Damage    Failure   Level
 Foxfire                  Conj/Fire      100%       2x1d9     1%          1
 Passwall                 Tmut/Erth      24%        N/A       1%          2
 Petrify                  Tmut/Erth      29%        N/A       3%          4
 Wereblood                Tmut           10%        N/A       4%          2
 Animate Armour           Summ/Erth      56%        N/A       4%          4
 Leda's Liquefaction      Hex/Erth       14%        N/A       4%          4
 Call Canine Familiar     Summ           7%         N/A       11%         3
 Gell's Gravitas          Tloc           3%         N/A       11%         3
 Lesser Beckoning         Tloc           3%         N/A       11%         3
 Portal Projectile        Hex/Tloc       14%        N/A       11%         3
 Swiftness                Air            7%         N/A       11%         3
 Teleport Other           Tloc           7%         N/A       11%         3
 Irradiate                Conj/Tmut      12%        3d17      16%         5
 Olgreb's Toxic Radiance  Pois           7%         N/A       32%         4
 Invisibility             Hex            3%         N/A       99%         6
 Ozocubu's Refrigeration  Ice            3%         4d5       100%        7
 Summon Hydra             Summ           3%         N/A       100%        7
 Sublimation of Blood     Necr           Unusable   N/A       N/A         2

Dungeon Overview and Level Annotations

Branches:
Dungeon (13/15)            Temple (1/1) D:6             Orc (0/2) D:11
Ossuary (visited)
   Lair: D:8-11      Vaults: D:13-14

Altars:
Ashenzari
Cheibriados
Dithmenos
Elyvilon
Fedhas
Gozag
Hepliaklqana
Kikubaaqudgha
Makhleb
Nemelex Xobeh
Okawaru
Qazlal
Ru
Sif Muna
Trog
Uskayaw
Vehumet
Wu Jian
Xom
Yredelemnul
Zin
The Shining One

Shops:
D:10 :

Portals:
Trove: D:12 (give 18 potions of curing)

Annotations:
D:10 3 runed translucent doors, ZARRMARR's ghost, journeyman OpCj
D:13 1 transporter, 1 runed translucent door, Jorgrun; Xuta's ghost, journeyman FoFi


Innate Abilities, Weirdness & Mutations

You are immune to sickness and miasma.
Your stone body is resilient. (AC +8)
You are immune to poison.
You resist negative energy. (rN+)
You are resistant to electric shocks. (rElec)
You are resistant to unholy torment.
You are immune to petrification.


Message History

Jorgrun points at you and mumbles some strange words.
Roots burst forth from the earth!
The grasping roots grab you! The grasping roots constrict you!!
Casting: Stone Arrow (safe; 1% risk of failure)
Confirm with . or Enter, or press ? or * to list all spells.
Aiming: Stone Arrow (safe; 1% risk of failure)
Press: ? - help, Shift-Dir - straight line, f/p - Jorgrun
Aim: Jorgrun, wielding a +0 vorpal quarterstaff and wearing a +0 robe (heavily wounded, 60% to hit)
The stone arrow misses Jorgrun.
Jorgrun gestures at you while chanting.
You are unaffected.
The grasping roots constrict you!
Casting: Stone Arrow (safe; 1% risk of failure)
Confirm with . or Enter, or press ? or * to list all spells.
Aiming: Stone Arrow (safe; 1% risk of failure)
Press: ? - help, Shift-Dir - straight line, f/p - Jorgrun
Aim: Jorgrun, wielding a +0 vorpal quarterstaff and wearing a +0 robe (heavily wounded, 60% to hit)
The stone arrow misses Jorgrun.
Jorgrun casts a spell at you.
You are unaffected.
The grasping roots constrict you!
Casting: Stone Arrow (safe; 1% risk of failure)
Confirm with . or Enter, or press ? or * to list all spells.
Aiming: Stone Arrow (safe; 1% risk of failure)
Press: ? - help, Shift-Dir - straight line, f/p - Jorgrun
Aim: Jorgrun, wielding a +0 vorpal quarterstaff and wearing a +0 robe (heavily wounded, 60% to hit)
The stone arrow misses Jorgrun.
The grasping roots constrict you!
Casting: Stone Arrow (safe; 1% risk of failure)
Confirm with . or Enter, or press ? or * to list all spells.
Aiming: Sandblast (safe; 1% risk of failure)
Press: ? - help, Shift-Dir - straight line, f/p - Jorgrun
Aim: Jorgrun, wielding a +0 vorpal quarterstaff and wearing a +0 robe (heavily wounded, 72% to hit)
The blast of sand misses Jorgrun.
Jorgrun mutters some incantations to himself.
Jorgrun hits you with a +0 vorpal quarterstaff.
* * * LOW HITPOINT WARNING * * *
The grasping roots constrict you!
* * * LOW HITPOINT WARNING * * *
You feel yourself speed up. Jorgrun hits you but does no damage.
The grasping roots constrict you!
You die...

.# #.# .. ##.###.#
.... ......# ..#
#....## #.# #
#....##.# ...
##......##
#...###........##..
##.................
#.....g@##....####
.. #.....#####...#
...## ...#. ##...#
#.## .... #....##
##..# #. ###..##.#
#.... #.
#.......#####.... #
..........>.......
..######...##......
. ##.#####.....


You could see Jorgrun.

Vanquished Creatures
  Fannar (D:11)
  Harold (D:11)
  Erica (D:8)
  A centaur warrior (D:13)
  3 two-headed ogres
  2 tengu warriors (D:13)
  Pikel (D:7)
  A deep elf pyromancer (D:13)
  2 cyclopes
  A manticore (D:12)
  Maurice (D:8)
  An unseen horror (D:10)
  Psyche (D:9)
  4 kobold demonologists
  A komodo dragon (D:11)
  2 trolls (D:12)
  A hornet (D:8)
  Prince Ribbit (D:7)
  Sigmund (D:6)
  A tarantella (shapeshifter) (D:13)
  2 wyverns
  13 yaks
  6 vampire mosquitoes
  2 steam dragons
  A water moccasin (D:8)
  An acid dragon (D:13)
  A sky beast (D:6)
  A hornet zombie (D:7)
  2 orc warriors (D:11)
  4 ogres
  A necrophage (D:4)
  6 centaurs
  A phantom (D:5)
  3 kobold brigands
  2 elf zombies (Ossuary)
  Blork the orc (D:6)
  2 bullfrogs
  3 scorpions
  A wyvern zombie (D:6)
  2 howler monkeys
  8 centaur zombies
  6 hounds
  A human zombie (Ossuary)
  4 orc priests
  2 jellies
  2 bullfrog skeletons
  Jessica (D:2)
  A centaur skeleton (D:5)
  3 orc wizards
  A killer bee zombie (D:6)
  A hound skeleton (D:5)
  3 mummies
  8 gnolls
  3 adders
  2 shadow imps
  3 white imps
  An ufetubus (D:4)
  An adder zombie (Ossuary)
  A worm (D:2)
  3 dart slugs
  31 orcs
  3 bats
  3 endoplasms
  3 giant cockroaches
  16 goblins
  10 hobgoblins
  3 jackals (D:2)
  3 quokkas
  9 ball pythons
  6 frilled lizards
  2 goblin zombies (Ossuary)
  14 hobgoblin zombies (Ossuary)
  2 jackal zombies (Ossuary)
  21 kobolds
  8 kobold zombies (Ossuary)
  5 orc zombies (Ossuary)
  2 rats
  A spectral orc (D:10)
280 creatures vanquished.

Notes
Turn   | Place    | Note
-------+----------+-------------------------------------------
     0 | D:1      | cummra the Gargoyle Earth Elementalist began the quest for
                  | the Orb.
     0 | D:1      | Reached XP level 1. HP: 10/10 MP: 3/3
     1 | D:1      | Found a broken altar of Ashenzari.
   118 | D:1      | Reached XP level 2. HP: 15/15 MP: 3/5
   157 | D:1      | Reached skill level 4 in Earth Magic
   949 | D:2      | Reached XP level 3. HP: 17/19 MP: 6/6
  1264 | D:2      | Learned a level 3 spell: Stone Arrow
  1336 | D:2      | Reached XP level 4. HP: 24/24 MP: 5/8
  1668 | D:2      | Reached skill level 1 in Conjurations
  1668 | D:2      | Reached skill level 5 in Earth Magic
  1870 | D:2      | Reached XP level 5. HP: 28/28 MP: 7/10
  1973 | D:2      | Noticed Jessica
  2181 | D:2      | Killed Jessica
  2336 | D:3      | Found an ornate altar of the Wu Jian Council.
  3107 | D:4      | Found an opulent altar of Gozag.
  3127 | D:4      | Noticed a necrophage
  3132 | D:4      | Killed a necrophage
  3133 | D:4      | Reached XP level 6. HP: 32/32 MP: 8/11
  4546 | D:5      | Entered Level 5 of the Dungeon
  4554 | D:5      | Reached skill level 6 in Earth Magic
  4737 | D:5      | Reached skill level 1 in Fighting
  4737 | D:5      | Reached XP level 7. HP: 19/38 MP: 5/13
  4870 | D:5      | Reached skill level 1 in Armour
  4972 | D:5      | Reached skill level 1 in Maces & Flails
  6083 | D:6      | Noticed Sigmund
  6125 | D:6      | Reached XP level 8. HP: 25/44 MP: 12/14
  6348 | D:6      | Killed Sigmund
  6791 | D:6      | Reached skill level 7 in Earth Magic
  7061 | D:6      | Reached skill level 5 in Spellcasting
  7160 | D:6      | Found a staircase to the Ecumenical Temple.
  7169 | Temple   | Entered the Ecumenical Temple
  7341 | D:6      | Reached XP level 9. HP: 36/51 MP: 2/16
  7477 | D:6      | Noticed Blork the orc
  7481 | D:6      | Killed Blork the orc
  7789 | D:7      | Noticed Prince Ribbit
  7796 | D:7      | Killed Prince Ribbit
  8021 | D:7      | Reached skill level 5 in Conjurations
  8142 | D:7      | Learned a level 8 spell: Ignition
  8789 | D:7      | Noticed Pikel
  8797 | D:7      | Killed Pikel
  8798 | D:7      | Reached skill level 1 in Fire Magic
  9241 | D:8      | Noticed Erica
  9241 | D:8      | Noticed a hornet
  9247 | D:8      | Killed a hornet
  9248 | D:8      | Reached skill level 8 in Earth Magic
  9394 | D:8      | Killed Erica
  9395 | D:8      | Reached skill level 5 in Fighting
  9395 | D:8      | Reached XP level 10. HP: 43/59 MP: 6/18
  9415 | D:8      | Found a broken altar of Ashenzari.
  9451 | D:8      | Found a sand-covered staircase.
  9476 | Ossuary  | Entered an ossuary
 10168 | Ossuary  | Reached skill level 5 in Armour
 10882 | D:8      | Noticed Maurice
 10937 | D:8      | Killed Maurice
 11240 | D:8      | Reached skill level 5 in Maces & Flails
 11477 | D:9      | Noticed Psyche
 11483 | D:9      | Killed Psyche
 11576 | D:9      | Noticed a death yak
 11576 | D:9      | Noticed a death yak
 11577 | D:9      | Noticed a death yak
 11722 | D:10     | Entered Level 10 of the Dungeon
 11940 | D:10     | Reached XP level 11. HP: 50/64 MP: 2/20
 12060 | D:10     | Found Wybume's Book Shoppe.
 12318 | D:10     | Found a shadowy altar of Dithmenos.
 12318 | D:10     | Found a blossoming altar of Fedhas.
 12318 | D:10     | Found a stormy altar of Qazlal.
 12318 | D:10     | Found a radiant altar of Vehumet.
 12327 | D:10     | Became a worshipper of Vehumet
 12356 | D:10     | Reached skill level 5 in Dodging
 12356 | D:10     | Reached skill level 9 in Earth Magic
 12542 | D:10     | Found a runed translucent gate.
 12544 | D:10     | Found a runed translucent gate.
 12545 | D:10     | Found a runed translucent gate.
 12547 | D:10     | Noticed ZARRMARR's ghost (journeyman OpCj)
 12575 | D:10     | Found an iron altar of Okawaru.
 13237 | D:10     | Found a basalt altar of Yredelemnul.
 13942 | D:11     | Noticed a boulder beetle
 14055 | D:11     | Noticed Harold
 14222 | D:11     | Found a staircase to the Orcish Mines.
 14653 | D:11     | Killed Harold
 14656 | D:11     | Noticed a sun demon
 14656 | D:11     | Noticed a cyclops
 14658 | D:11     | Noticed a sixfirhy
 15040 | D:11     | Noticed Fannar
 15052 | D:11     | Killed Fannar
 15550 | D:11     | Killed a cyclops
 15731 | D:11     | Learned a level 8 spell: Lehudib's Crystal Spear
 15844 | D:12     | Noticed a cyclops
 15998 | D:12     | Noticed a cyclops
 16031 | D:12     | Noticed a two-headed ogre
 16037 | D:12     | Killed a two-headed ogre
 16038 | D:12     | Reached skill level 5 in Fire Magic
 16157 | D:12     | Killed a cyclops
 16162 | D:12     | Reached XP level 12. HP: 63/71 MP: 16/22
 16193 | D:12     | Found a portal to a secret trove of treasure.
 16336 | D:12     | Noticed a two-headed ogre
 16344 | D:12     | Killed a two-headed ogre
 16346 | D:12     | Reached skill level 10 in Earth Magic
 16811 | D:13     | Reached * piety under Vehumet
 16811 | D:13     | Offered knowledge of Foxfire by Vehumet.
 16980 | D:13     | Found a transporter.
 16981 | D:13     | Noticed a two-headed ogre
 16982 | D:13     | Noticed a two-headed ogre
 16982 | D:13     | Noticed a two-headed ogre
 16982 | D:13     | Noticed Xuta's ghost (journeyman FoFi)
 16982 | D:13     | Noticed a two-headed ogre
 16985 | D:13     | Noticed a two-headed ogre
 16992 | D:13     | Noticed a tengu warrior
 16994 | D:13     | Noticed a tengu warrior
 17019 | D:13     | Killed a tengu warrior
 17025 | D:13     | Killed a tengu warrior
 17482 | D:13     | Noticed a two-headed ogre
 17483 | D:13     | Noticed an ogre mage
 17490 | D:13     | Killed a two-headed ogre
 17495 | D:13     | Paralysed by an ogre mage for 4 turns
 17497 | D:13     | Noticed a two-headed ogre
 17502 | D:13     | Noticed a two-headed ogre
 17594 | D:13     | Noticed a centaur warrior
 17605 | D:13     | Killed a centaur warrior
 17794 | D:13     | Found a runed translucent door.
 17819 | D:13     | Noticed Jorgrun
 17828 | D:13     | Constricted to death by Jorgrun

Illustrated notes

Levels and vault maps discovered:
D:1:      sevenhm_arrival_forest_fort_small_6, layout_basic
D:2:      minmay_diamond_boxcup, layout_basic, minivault_14,
          kennysheep_decorative_pillar, kennysheep_jessica_study
D:3:      layout_loops_ring, lemuel_crystal_altar
D:4:      layout_layer_cave, grunt_gozag_breadcrumbs
D:5:      layout_basic, small_statue_alley_b
D:6:      layout_loops_ring, minmay_temple_entry_junction_2,
          minmay_ogre_servants, uniq_blork_the_orc, uniq_sigmund
D:7:      layout_loops_ring, uniq_prince_ribbit1, uniq_pikel
D:8:      layout_layer_cave, ashenzari_conservatory_becter,
          gup_ossuary_entry_pyramid, uniq_maurice, uniq_erica
D:9:      layout_rooms, dpeg_lair_monsters, minmay_holes, uniq_maggie,
          uniq_psyche
D:10:     layout_roguey, chequers_temple_overflow_statue_of_worship,
          yredelemnul_forgotten_temple_becter, kennysheep_okawaru_gauntlet,
          serial_shops, shop, gammafunk_ghost_necromancy
D:11:     layout_rooms, david_orc_2, uniq_fannar, uniq_harold
D:12:     layout_loops_ring, enter_trove_2
D:13:     layout_layer_cave, gammafunk_ghost_smash, minmay_crystal_box,
          uniq_jorgrun
Temple:   nicolae_temple_god_jail

Skill      XL: |  1  2  3  4  5  6  7  8  9 10 11 12 |
---------------+-------------------------------------+-----
Earth Magic    | 4 5 6 7 8 9 10 | 10.3
Spellcasting   | 3 4 5 6 7 |  7.6
Conjurations   | 1 2 3 4 5 6 7 8 |  8.3
Fighting       | 1 2 3 5 6 7 |  7.5
Armour         | 2 3 4 5 6 7 |  7.5
Maces & Flails | 1 3 4 5 6 |  6.9
Dodging        | 2 3 4 5 6 |  6.2
Fire Magic     | 2 3 5 |  5.8
Stealth        | |  2.1
Transmutations | |  0.7

Action                   |  1- 3 |  4- 6 |  7- 9 | 10-12 || total
-------------------------+-------+-------+-------+-------++-------
Melee: Club              |    21 |    49 |       |       ||    70
       Morningstar       |       |    40 |    39 |       ||    79
       Whip              |       |       |    45 |   127 ||   172
 Cast: Sandblast         |    24 |    45 |    64 |    92 ||   225
       Stone Arrow       |       |       |    60 |   191 ||   251
Evoke: Wand              |       |       |       |    30 ||    30
  Use: Scroll            |       |     7 |     5 |    11 ||    23
       Potion            |       |       |       |    11 ||    11
 Stab: Sleeping          |       |     3 |       |       ||     3
Armor: Robe              |     6 |    60 |    82 |   153 ||   301
       Skin              |       |       |       |     6 ||     6
Dodge: Dodged            |    17 |    57 |   107 |   174 ||   355
